 Dungeon Crawl Stone Soup version 0.24-a0-57-gac335f2 (webtiles) character file.

Game seed: 3613757541628598876

1005 ohad the Cleaver (level 8, -2/64 HPs)
             Began as a Hill Orc Fighter on Feb 4, 2019.
             Was a Follower of Makhleb.
             Slain by an orc warrior
             ... wielding a +0 scimitar of slicing
              (3 damage)
             ... on level 5 of the Dungeon.
             The game lasted 00:12:12 (5265 turns).

ohad the Cleaver (Hill Orc Fighter)                 Turns: 5265, Time: 00:12:13

Health: -2/64      AC:  9    Str: 19    XL:     8   Next: 20%
Magic:  8/8        EV:  5    Int:  8    God:    Makhleb [*.....]
Gold:   356        SH:  9    Dex: 12    Spells: 7/7 levels left

rFire    . . .     SeeInvis .   a - +0 war axe
rCold    . . .     Gourm    .   c - +0 shield
rNeg     . . .     Faith    .   q - +0 chain mail
rPois    .         Spirit   .   (no helmet)
rElec    .         Reflect  .   (no cloak)
rCorr    .         Harm     .   (no gloves)
MR       .....                  (no boots)
Stlth    ..........             (no amulet)
HPRegen  0.20/turn              (no ring)
MPRegen  0.11/turn              (no ring)

@: no status effects
A: no striking features
a: Renounce Religion


You were on level 5 of the Dungeon.
You worshipped Makhleb.
Makhleb was aware of your devotion.
You were not hungry.

You visited 2 branches of the dungeon, and saw 7 of its levels.

You collected 356 gold pieces.

Inventory:

Hand Weapons
 a - a +0 war axe (weapon)
 p - a +0 flail
 y - a +0 flail of protection
Missiles
 l - 7 curare-tipped needles
 s - 2 throwing nets (quivered)
 t - 2 poisoned tomahawks
Armour
 b - a +0 scale mail
 c - a +0 shield (worn)
 q - a +0 chain mail (worn)
 u - a +0 scale mail
Jewellery
 j - an uncursed ring of ice
 z - an uncursed amulet of the acrobat {unknown}
Wands
 w - a wand of iceblast (10)
Scrolls
 e - 6 scrolls of remove curse {unknown}
 g - 2 scrolls of fog {unknown}
 h - 8 scrolls of teleportation {unknown}
 k - a scroll of amnesia {unknown}
 m - 4 scrolls of identify {unknown}
 n - a scroll of enchant armour {unknown}
 o - 2 scrolls of magic mapping {unknown}
 x - a scroll of immolation {unknown}
Potions
 i - 2 potions of lignification {unknown}
 v - a potion of curing {unknown}
Comestibles
 f - 7 rations


   Skills:
 - Level 3.6 Fighting
 + Level 12.0 Axes
 - Level 3.2 Armour
 - Level 3.2 Shields


You had 7 spell levels left.
You didn't know any spells.
Your spell library was empty.

Dungeon Overview and Level Annotations

Branches:
Dungeon (6/15)             Temple (1/1) D:4

Altars:
Dithmenos
Elyvilon
Fedhas
Gozag
Makhleb
Nemelex Xobeh
Qazlal
Ru
Trog
Uskayaw
Vehumet
Wu Jian
Xom
The Shining One

Annotations:
D:6 Grinder


Message History

You closely miss the orc warrior.
The orc warrior is lightly wounded.
The orc warrior barely misses you.
You hit the orc warrior.
The orc warrior is moderately wounded.
The orc warrior hits you with a +0 scimitar of slicing!
You completely miss the orc warrior.
The orc warrior is moderately wounded.
You block the orc warrior's attack.
You slash the orc warrior!
The orc warrior is severely wounded.
The orc warrior hits you with a +0 scimitar of slicing!!
* * * LOW HITPOINT WARNING * * *
x2 You barely miss the orc warrior.
The orc warrior is severely wounded.
You hit the orc warrior.
The orc warrior is severely wounded.
The orc warrior hits you with a +0 scimitar of slicing!
* * * LOW HITPOINT WARNING * * *
You die...

#######...####≈#...#≈#
#............#≈.....≈#
#.........####≈......'
#........###.#≈.....≈#
#............#≈#...#≈#
#.>.[....#####≈≈≈≈≈≈≈#
#........# #########
#.....o..# #..
#....@...# #..
#........# ##.
#........# ##
########## #


You could see an orc warrior.

Vanquished Creatures
  Edmund (D:6)
  2 ogres (D:5)
  A bullfrog (D:5)
  A howler monkey (D:5)
  2 crimson imps (D:5)
  2 hounds
  A bullfrog skeleton (D:5)
  An orc priest (D:4)
  An iguana (D:4)
  An orc wizard (D:4)
  A centaur skeleton (D:6)
  A gnoll shaman (D:4)
  3 worker ants
  A hound zombie (D:6)
  5 adders
  7 gnolls
  2 shadow imps
  An ooze (D:1)
  An adder skeleton (D:5)
  3 worms
  3 dart slugs
  4 leopard geckos
  13 orcs
  5 bats (D:1)
  A giant cockroach (D:3)
  7 goblins
  5 hobgoblins
  3 jackals (D:2)
  2 quokkas
  10 frilled lizards
  6 kobolds
  11 rats
108 creatures vanquished.

Notes
Turn   | Place    | Note
-------+----------+-------------------------------------------
     0 | D:1      | ohad the Hill Orc Fighter began the quest for the Orb.
     0 | D:1      | Reached XP level 1. HP: 19/19 MP: 1/1
    56 | D:1      | Reached skill level 3 in Axes
   169 | D:1      | Reached XP level 2. HP: 16/26 MP: 2/2
   404 | D:1      | Reached skill level 4 in Axes
   657 | D:1      | Reached XP level 3. HP: 30/31 MP: 3/3
   983 | D:2      | Reached skill level 5 in Axes
   993 | D:2      | Found a blossoming altar of Fedhas.
  1332 | D:2      | Reached XP level 4. HP: 38/39 MP: 4/4
  1611 | D:2      | Reached skill level 6 in Axes
  2004 | D:3      | Found a white marble altar of Elyvilon.
  2158 | D:3      | Found a shadowy altar of Dithmenos.
  2216 | D:3      | Reached XP level 5. HP: 16/45 MP: 5/5
  2231 | D:3      | Reached skill level 7 in Axes
  2525 | D:3      | Found a sparkling altar of Nemelex Xobeh.
  2844 | D:3      | Found a sacrificial altar of Ru.
  3036 | D:4      | Reached skill level 8 in Axes
  3036 | D:4      | Reached XP level 6. HP: 44/51 MP: 6/6
  3395 | D:4      | Found a staircase to the Ecumenical Temple.
  3404 | Temple   | Entered the Ecumenical Temple
  3464 | Temple   | Became a worshipper of Makhleb the Destroyer
  3576 | D:4      | Reached skill level 9 in Axes
  3911 | D:5      | Entered Level 5 of the Dungeon
  3928 | D:5      | Reached XP level 7. HP: 24/57 MP: 7/7
  4205 | D:5      | Reached skill level 10 in Axes
  4788 | D:6      | Reached skill level 11 in Axes
  4802 | D:6      | Noticed Edmund
  4803 | D:6      | Found a shimmering altar of Xom.
  4813 | D:6      | Killed Edmund
  4813 | D:6      | Reached XP level 8. HP: 32/64 MP: 8/8
  4818 | D:6      | Found a glowing golden altar of the Shining One.
  4818 | D:6      | Found a stormy altar of Qazlal.
  4926 | D:6      | HP: 3/64 [orc priest/nerve-wracking pain (2)]
  4929 | D:6      | Noticed Grinder
  4933 | D:5      | HP: 2/64 [bullfrog (2)]
  4937 | D:5      | Reached * piety under Makhleb
  4937 | D:5      | Reached skill level 12 in Axes
  5265 | D:5      | HP: 1/64 [orc warrior/+0 scimitar of slicing (13)]
  5265 | D:5      | Slain by an orc warrior

Vault maps used:
D:1:      lemuel_arrival_cross
D:2:      first_ration, glass_columns_a, fedhas_altar_3
D:3:      lemuel_coloured_pillars_altar, nemelex_xobeh_ov_fountains_minmay,
          nicolae_overflow_crystal_walls, grunt_dithmenos_smoke_and_mirrors,
          serial_rivers, chequers_serial_rivers_micro_c,
          chequers_serial_rivers_room_b, chequers_serial_rivers_micro_b,
          chequers_serial_rivers_small_b, chequers_serial_rivers_small_b,
          chequers_serial_rivers_micro_b
D:4:      lemuel_temple_firewalk_b
D:5:      serial_glass, glass_columns_a, glass_columns_b, glass_columns_b,
          glass_columns_a, kennysheep_small_square
D:6:      kennysheep_little_box, chequers_temple_overflow_statue_of_worship,
          minmay_misc_feat_rugged, uniq_grinder, uniq_edmund
Temple:   dpeg_chambers_temple

Skill      XL: |  1  2  3  4  5  6  7  8 |
---------------+-------------------------+-----
Axes           | 3 4 5 6 8 9 11 12 | 12.0
Fighting       | |  3.6
Armour         | |  3.2
Shields        | |  3.2

Action                   |  1- 3 |  4- 6 |  7- 9 || total
-------------------------+-------+-------+-------++-------
Melee: War axe           |   146 |   196 |    96 ||   438
  Use: Potion            |       |       |     1 ||     1
  Eat: Chunk             |     2 |     4 |     5 ||    11
       Ration            |       |     1 |       ||     1
Armor: Scale mail        |    76 |    28 |       ||   104
       Chain mail        |       |    26 |    40 ||    66
Dodge: Dodged            |    49 |    52 |    21 ||   122
Block: Shield            |    83 |    83 |    36 ||   202

Table legend:
 A = Non-vault XP
 B = Vault XP
 C = Vault XP percentage of total XP
 D = Non-vault monster count
 E = Vault monster count
 F = Vault count percentage of total count
                 A         B        C        D         E       F
            +---------+---------+-------+---------+---------+-------
      Total |    1153 |     284 |  19.8 |     105 |       3 |   2.8
            +---------+---------+-------+---------+---------+-------
        D:1 |      48 |       0 |   0.0 |      29 |       0 |   0.0
        D:2 |      72 |       0 |   0.0 |      19 |       0 |   0.0
        D:3 |     105 |       0 |   0.0 |      19 |       0 |   0.0
        D:4 |     300 |       0 |   0.0 |      17 |       0 |   0.0
        D:5 |     467 |     118 |  20.2 |      15 |       2 |  11.8
        D:6 |     161 |     166 |  50.8 |       6 |       1 |  14.3
            +---------+---------+-------+---------+---------+-------
